[Event "*** Titled Tuesday Blitz"]
[Site "Chess.com"]
[Date "2020.12.01"]
[Round "6"]
[White "Rud_Makarian"]
[Black "Shield12"]
[Result "1/2-1/2"]
[WhiteElo "2733"]
[BlackElo "2929"]
[TimeControl "180+1"]
[EndTime "11:05:32 PST"]
[Termination "Game drawn by repetition"]

1. d4 Nf6 2. c4 e6 3. Nf3 Bb4+ 4.
Bd2 a5 5. g3 d6 6. Bg2 Nbd7 7. O-O e5 8. Nc3 O-O 9. b3 Re8 10. a3 Bxc3 11. Bxc3 e4 12. Ne1 d5 13. Nc2 c6 14. Ne3 b6 15. Qd2 Nf8 16. c5 b5 17. f4 Ng4 18. f5 Qg5 19. Nxg4 Qxg4 20. Qf4 Qxe2 21. Rae1 Qh5 22. g4 Qh4 23. Re3 h6 24.
Bd2 Nh7 25. Rh3 Qg5 26. Qf2 Qxg4 27. Rg3 Qh5 28. Qf4 Kh8 29. Be3 b4 30. a4 Ba6 31.
Rf2 Qd1+ 32. Bf1 Ng5 33. h4 Nf3+ 34. Kg2 Rg8 35. f6 g5 36. hxg5 Rxg5 37. Rxg5 Nxg5 38. Bxa6 Rxa6 39. Qb8+ Kh7 40. Qf8 Qg4+ 41. Kf1 Qd1+ 42. Kg2 Qg4+ 43. Kf1 Qd1+ 44. Kg2 1/2-1/2

[Event "*** Titled Tuesday Blitz"]
[Site "Chess.com"]
[Date "2020.12.01"]
[Round "6"]
[White "Brave_spirit12"]
[Black "Supernotar"]
[Result "0-1"]
[WhiteElo "2486"]
[BlackElo "2785"]
[TimeControl "180+1"]
[EndTime "11:05:33 PST"]
[Termination "Supernotar won by resignation"]

1. e4 c6 2. Nc3 d5 3. Nf3 Bg4 4.
h3 Bxf3 5. Qxf3 e6 6. d3 Nf6 7.
Bd2 Qb6 8. O-O-O d4 9. Ne2 c5 10. g4 Nc6 11. g5 Nd7 12. Qg3 c4 13. dxc4 Nc5 14. Bg2 O-O-O 15. e5 d3 16. Nc3 dxc2 17. Kxc2 Nb4+ 18. Kb1 Nbd3 19. Bc1 Be7 20. f4 Rd4 21. Qe3 Rhd8 22. Rd2 Rxc4 23. Ne4 Nxe4 24. Rxd3 Bc5 25. Rxd8+ Qxd8 26. Qb3 Rxc1+ 27. Kxc1 Qd2+ 28. Kb1 Qxg2 29. Qd1 b6 30. Re1 Nf2 31. Qd2 Qf3 32. Rc1 Nd3 33. Rc3 Qf1+ 34. Kc2 Nb4+ 35. Kb3 Qb5 36. Ka3 Nd5+ 37.
Rxc5+ Qxc5+ 38. Kb3 Qb5+ 39. Ka3 Qa5+ 40. Qxa5 bxa5 41.
Ka4 Nxf4 42. g6 hxg6 0-1

[Event "*** Titled Tuesday Blitz"]
[Site "Chess.com"]
[Date "2020.12.01"]
[Round "6"]
[White "Vincent_Vega95"]
[Black "nochewycandy"]
[Result "1-0"]
[WhiteElo "2769"]
[BlackElo "2544"]
[TimeControl "180+1"]
[EndTime "11:05:34 PST"]
[Termination "Vincent_Vega95 won by resignation"]

1. d4 g6 2. c4 Bg7 3. e4 d6 4.
Nf3 e5 5. d5 a5 6. h4 h5 7. Be2 Na6 8. Nc3 Nc5 9. Bg5 f6 10.
Be3 Bh6 11. Bxc5 dxc5 12. Nd2 Ne7 13. g4 hxg4 14. Bxg4 Bxd2+ 15. Kxd2 f5 16. exf5 Bxf5 17. Qa4+ Kf7 18. Rag1 Bxg4 19. Rxg4 Nf5 20. Ne4 Nxh4 21. Ng5+ Kg8 22. Rhg1 Qf6 23. Kc1 c6 24. Ne4 Qf5 25. dxc6 bxc6 26. Qxc6 Rd8 27. Qc7 Rf8 28. Qe7 Rh7 29.
Qxc5 Nf3 30. Rxg6+ Kh8 31. R1g3 Rd8 32. Nd6 Qf4+ 33.
Kc2 Qd2+ 34. Kb3 Rb8+ 35. Nb5 Qb4+ 36. Qxb4 axb4 37. Re6 Rf7 38. Rh6+ Rh7 39. Rxh7+ Kxh7 40. Rxf3 Kg7 41. Re3 Kf6 42. Re4 Rh8 43. f4 Rh3+ 44. Kxb4 Kf5 45. Rxe5+ Kxf4 46. Re7 Rh2 47. b3 Rxa2 48.
c5 Re2 49. Rxe2 1-0

[Event "*** Titled Tuesday Blitz"]
[Site "Chess.com"]
[Date "2020.12.01"]
[Round "6"]
[White "Skatchkov_V"]
[Black "Zhigalko_Sergei"]
[Result "0-1"]
[WhiteElo "2500"]
[BlackElo "2864"]
[TimeControl "180+1"]
[EndTime "11:05:34 PST"]
[Termination "Zhigalko_Sergei won by resignation"]

1. d4 Nf6 2. c4 e6 3. Nf3 b6 4. g3 Ba6 5. b3 Bb4+ 6. Bd2 Be7 7. Bg2 c6 8. O-O d5 9. Bc3 dxc4 10.
bxc4 Bxc4 11. Nbd2 Ba6 12. Re1 Nd5 13. Bb2 O-O 14.
Ne5 Bb4 15. Rc1 Bb7 16. a3 Be7 17. Qb3 a5 18. e4 a4 19. Qc2 Nf6 20. Red1 Qc7 21.
d5 exd5 22. exd5 c5 23. Ndc4 Bd6 24. Nxd6 Qxd6 25. Nc4 Qd8 26. Ne5 Re8 27. Nc6 Qd6 28. Qf5 Nbd7 29. Re1 h6 30. Rcd1 b5 31. Bc1 c4 32.
Rxe8+ Rxe8 33. Bf4 Qxa3 34. d6 Bxc6 35. Bxc6 Re6 36.
Qxb5 Qb3 37. Rb1 Qxb5 38. Rxb5 c3 39. Rc5 g5 40. Bc1 Nxc5 0-1

[Event "*** Titled Tuesday Blitz"]
[Site "Chess.com"]
[Date "2020.12.01"]
[Round "6"]
[White "Alomaterapia"]
[Black "Mambastik-Fantastic"]
[Result "1-0"]
[WhiteElo "2441"]
[BlackElo "2311"]
[TimeControl "180+1"]
[EndTime "11:05:34 PST"]
[Termination "Alomaterapia won on time"]

1. e4 c5 2. c3 Nf6 3. e5 Nd5 4. Nf3 Nc6 5. d4 cxd4 6. cxd4 d6 7. Bc4 Nb6 8. Bb5 dxe5 9. Nxe5 Bd7 10. Bxc6 bxc6 11.
O-O Nd5 12. Qf3 Nf6 13. Nxc6 Qc8 14. Ne5 Be6 15. Nc3 g6 16. d5 Bf5 17. Re1 Bg7 18. Nc6 e6 19. Bg5 h5 20. dxe6 fxe6 21. Bxf6 Bxf6 22.
Nd5 Kf7 23. Nxf6 Kxf6 24. Rad1 Kg7 25. Ne7 Qc7 26. Nxf5+ exf5 27. Rc1 Qf7 28. Qc3+ Kh6 29. Qd2+ f4 30. Re4 Rhf8 31. b3 Rad8 32. Qb4 Qd5 33. h4 f3 34. g3 Qd3 35. Ree1 Rf6 36. Qa5 Rfd6 37. Qg5+ Kg7 38. Re7+ Kf8 39. Rh7 Qf5 40. Qh6+ Ke8 41. Qg7 Rd1+ 42. Kh2 1-0

[Event "*** Titled Tuesday Blitz"]
[Site "Chess.com"]
[Date "2020.12.01"]
[Round "6"]
[White "Enriquack"]
[Black "tomsishere"]
[Result "1-0"]
[WhiteElo "2295"]
[BlackElo "2374"]
[TimeControl "180+1"]
[EndTime "11:05:34 PST"]
[Termination "Enriquack won by resignation"]

1. e4 b6 2. d4 Bb7 3. Bd3 e6 4. Qe2 c5 5. c3 cxd4 6. cxd4 Nc6 7. Nf3 Nf6 8. Nc3 Nb4 9. Bb1 Ba6 10. Qd1 d5 11. e5 Ng4 12. a3 Nc6 13. Qa4 Qc8 14. Ba2 Be7 15. h3 Nh6 16. Bxh6 gxh6 17. Rc1 O-O 18.
Nxd5 exd5 19. Qxc6 Qf5 20. Bb1 Qf4 21. Qc2 f5 22.
exf6 Rf7 23. Qd2 Qxd2+ 24. Kxd2 Bxf6 25. Rhe1 Bg5+ 26. Nxg5 hxg5 27. f3 Rf4 28. Rc7 Rxd4+ 29. Ke3 Re8+ 30. Kxd4 Rxe1 31. Bxh7+ Kh8 32. Bf5 Bf1 33.
g4 a5 34. Kxd5 Bg2 35. Be4 Re2 36. b4 axb4 37. axb4 Rb2 38. Kc4 Bxf3 39. Bxf3 Rc2+ 40. Kb5 Rxc7 41. Kxb6 Rc3 42. Bd5 Rxh3 43. Kc5 Kg7 44.
b5 Kf6 45. b6 Ke5 46. b7 Rh8 47. Bc6 Kf4 48. Bd7 Rb8 49. Kb6 Rf8 50. Bc8 1-0

[Event "*** Titled Tuesday Blitz"]
[Site "Chess.com"]
[Date "2020.12.01"]
[Round "6"]
[White "Sebastian"]
[Black "rasmussvane"]
[Result "0-1"]
[WhiteElo "2946"]
[BlackElo "2893"]
[TimeControl "180+1"]
[EndTime "11:05:35 PST"]
[Termination "rasmussvane won by checkmate"]

1. e4 c6 2. d4 d5 3. e5 Bf5 4. Nf3 e6 5. Be2 Ne7 6. c3 Nd7 7. O-O Ng6 8. Be3 f6 9. Nbd2 Be7 10. Ne1 h5 11. f4 Qb6 12. Qb3 c5 13. Bb5 c4 14.
Qa4 Qc7 15. b3 cxb3 16. axb3 a6 17. Rc1 Rc8 18. Bd3 Bxd3 19. Nxd3 O-O 20. Qa2 fxe5 21. fxe5 Rxf1+ 22. Nxf1 Qd8 23. Qe2 h4 24. Qg4 Ndf8 25. Nd2 a5 26. Nf3 b5 27. Bd2 a4 28. b4 a3 29. Ra1 Ra8 30. Ra2 Qe8 31. Bc1 Qc6 32. Nc5 Bxc5 33. bxc5 b4 34. cxb4 Qa4 35. Ne1 Qxb4 36. Qd1 h3 37. gxh3 Nh4 38. Qd2 Qb3 39.
Qc2 Qxh3 40. Qf2 Nfg6 41. Qg3 Qf5 42. Rxa3 Rf8 43. Kh1 Qe4+ 44. Kg1 Qe2 45. Nf3 Nxf3+ 46. Rxf3 Rxf3 47. Qxg6 Rf1# 0-1

[Event "*** Titled Tuesday Blitz"]
[Site "Chess.com"]
[Date "2020.12.01"]
[Round "6"]
[White "rynos0411"]
[Black "tvjosue"]
[Result "1-0"]
[WhiteElo "2389"]
[BlackElo "2561"]
[TimeControl "180+1"]
[EndTime "11:05:35 PST"]
[Termination "rynos0411 won by resignation"]

1. d4 Nf6 2. c4 e6 3. Nf3 b6 4. g3 Ba6 5. b3 d5 6. Qc2 Nbd7 7. Bg2 c6 8. O-O Rc8 9. Bf4 Be7 10.
Nbd2 c5 11. dxc5 Bxc5 12. Rad1 O-O 13. Qb1 Qe7 14. Ne5 g5 15. Nxd7 Nxd7 16. Be3 d4 17. Ne4 f5 18. Bxg5 Qg7 19. Nxc5 bxc5 20. Qc1 Qg6 21. h4 e5 22. a3 f4 23. Qb1 Rb8 24.
Be4 Qg7 25. Bd5+ Kh8 26. Be6 h6 27. Bxh6 Qxh6 28. Bxd7 fxg3 29. fxg3 Qe3+ 30. Kh2 Qxe2+ 31. Kh3 Qh5 32. Qe4 Rbd8 33. Bg4 Bc8 34. Rxf8+ Rxf8 35. Bxc8 Rxc8 36. Rf1 Re8 37. Rf5 Qg6 38. Rf8+ Rxf8 39.
Qxg6 Rf3 40. Qe8+ Kh7 41. Qxe5 Rxb3 42. Qe4+ Kg7 43. Qe5+ Kg6 44. Qxc5 d3 45. Qd6+ Kf7 46. c5 d2 47. Qd5+ Kf6 48. Qxb3 1-0

[Event "*** Titled Tuesday Blitz"]
[Site "Chess.com"]
[Date "2020.12.01"]
[Round "6"]
[White "profofchess"]
[Black "ObidObad"]
[Result "1-0"]
[WhiteElo "2428"]
[BlackElo "2296"]
[TimeControl "180+1"]
[EndTime "11:05:36 PST"]
[Termination "profofchess won on time"]

1. e4 e5 2. Nf3 Nc6 3. Nc3 Nge7 4. d4 d6 5. Bc4 exd4 6. Nxd4 Nxd4 7. Qxd4 Nc6 8. Qe3 Ne5 9. Bb3 Be7 10. Bd2 O-O 11. O-O-O a5 12. f4 Nd7 13. a3 Nc5 14. Ba2 b5 15.
Nd5 b4 16. Rhf1 bxa3 17. Qxa3 Nxe4 18. Nxe7+ Qxe7 19. Rde1 Bb7 20. f5 Qf6 21. Qd3 Nc5 22.
Qg3 Ne4 23. Qf4 Nxd2 24. Qxd2 Rab8 25. g4 Bg2 26. Qxg2 Qxb2+ 27. Kd1 Qxa2 28. f6 g6 29. Qh3 Qa1+ 30. Kd2 Qd4+ 31. Kc1 Qb2+ 32. Kd2 Rb4 33. Qh6 Rd4+ 34. Ke3 Qc3+ 35. Kf2 Rd2+ 36. Kg1 Qd4+ 37. Re3 Qxg4+ 38. Rg3 Qd4+ 39. Re3 Qg4+ 40. Rg3 Qd4+ 41. Re3 Rg2+ 42. Kxg2 Qd2+ 43. Kg1 Qxe3+ 44. Qxe3 1-0

[Event "*** Titled Tuesday Blitz"]
[Site "Chess.com"]
[Date "2020.12.01"]
[Round "6"]
[White "Sokoloco"]
[Black "GoltsevDmitry2000"]
[Result "1-0"]
[WhiteElo "2478"]
[BlackElo "2628"]
[TimeControl "180+1"]
[EndTime "11:05:37 PST"]
[Termination "Sokoloco won by resignation"]

1. b3 d6 2. Bb2 Nd7 3. d4 g6 4. Nf3 Bg7 5. e4 Ngf6 6. Bd3 O-O 7. O-O Nh5 8. Qd2 c5 9. c3 cxd4 10. cxd4 e5 11. Nc3 Nf4 12. Nd5 Nxd5 13. exd5 Re8 14.
Rfe1 a6 15. Rac1 Nb6 16. dxe5 dxe5 17. Nxe5 Qxd5 18. Qe3 Nd7 19. Bc4 Rxe5 20. Bxd5 Rxe3 21. Rxe3 Bxb2 22. Re8+ Kg7 23. Rcxc8 Rxc8 24. Rxc8 Nb6 25.
Rd8 a5 26. Bxb7 Be5 27. g3 g5 28. Kg2 f5 29. Kf3 h5 30. Ke3 Bc7 31. Rd1 Kf6 32. f4 h4 33. fxg5+ Kxg5 34. Rc1 Be5 35. gxh4+ Kxh4 36.
Rc5 Bxh2 37. Rxf5 Kg4 38. Rxa5 Bg1+ 39. Kd3 Nd7 40. Bc8 Kf4 41. Bxd7 1-0

[Event "*** Titled Tuesday Blitz"]
[Site "Chess.com"]
[Date "2020.12.01"]
[Round "6"]
[White "Grammnik"]
[Black "Kovalchuk94"]
[Result "0-1"]
[WhiteElo "2346"]
[BlackElo "2562"]
[TimeControl "180+1"]
[EndTime "11:05:37 PST"]
[Termination "Kovalchuk94 won on time"]

1. d4 Nf6 2. Nf3 g6 3. c4 Bg7 4.
Nc3 d5 5. cxd5 Nxd5 6. e4 Nxc3 7.
bxc3 c5 8. Rb1 O-O 9. Be2 b6 10. O-O Bb7 11. Qd3 Nd7 12. e5 cxd4 13. cxd4 Bd5 14.
Qa6 Qc8 15. a4 Be4 16. Rb4 Bb7 17. Qd3 Rd8 18. Bf4 Nc5 19. Qc2 Ne6 20. Rc4 Qd7 21. Be3 Bd5 22. Rb4 Rac8 23. Qb2 f6 24. Ba6 Rc7 25. a5 bxa5 26. Rb8 a4 27. Rxd8+ Qxd8 28. Rd1 Bb3 29. Rc1 h5 30. Nd2 Rxc1+ 31. Qxc1 fxe5 32. Nxb3 axb3 33. Bc4 Qd6 34. Bxb3 Kh7 35. dxe5 Qxe5 36. g3 Nd4 37. Bxd4 Qxd4 38. Qc4 Qa1+ 39. Kg2 Qe5 40. Bc2 a5 41. h4 Kh6 42. Qd3 Qf6 0-1

[Event "*** Titled Tuesday Blitz"]
[Site "Chess.com"]
[Date "2020.12.01"]
[Round "6"]
[White "Gulkov_Igor"]
[Black "Legendinunknown"]
[Result "1/2-1/2"]
[WhiteElo "2500"]
[BlackElo "2663"]
[TimeControl "180+1"]
[EndTime "11:05:38 PST"]
[Termination "Game drawn by repetition"]

1. Nf3 Nf6 2. c4 g6 3. Nc3 Bg7 4. e4 O-O 5. d4 d6 6. Be2 e5 7.
Be3 exd4 8. Nxd4 Re8 9. f3 c6 10. Qd2 d5 11. exd5 cxd5 12. O-O Nc6 13. Rad1 Ne5 14. Nc2 Bf5 15. cxd5 Nc4 16. Bxc4 Bxc2 17. Rde1 Bf5 18. d6 a6 19. Bb3 Be6 20. Bxe6 Rxe6 21.
Bf4 Qb6+ 22. Kh1 Rae8 23. Rxe6 Rxe6 24. d7 Qd8 25. Rd1 Qxd7 26. Qxd7 Nxd7 27. h3 Nf8 28.
Rd8 h6 29. Ne4 g5 30. Bd6 b6 31. b3 f5 32. Ng3 Rf6 33. Nh5 Rf7 34. Nxg7 Kxg7 35.
Rb8 Nd7 36. Rb7 b5 37. Ra7 Nf6 38. Rxa6 Nd5 39. Be5+ Kh7 40. Rd6 Nb4 41. Rb6 Rd7 42.
f4 Rd1+ 43. Kh2 Nd3 44. Rxb5 gxf4 45. Bb8 Rd2 46. Kg1 Rd1+ 47. Kh2 Rd2 48. Kg1 Rd1+ 49.
Kh2 1/2-1/2

[Event "*** Titled Tuesday Blitz"]
[Site "Chess.com"]
[Date "2020.12.01"]
[Round "6"]
[White "marabu44"]
[Black "anpospan"]
[Result "0-1"]
[WhiteElo "2277"]
[BlackElo "2406"]
[TimeControl "180+1"]
[EndTime "11:05:39 PST"]
[Termination "anpospan won by resignation"]

1. Nf3 c5 2. b3 e6 3. Bb2 Nf6 4. e3 b6 5. d4 Be7 6. Be2 d6 7. O-O Bb7 8. c4 Nbd7 9. Nc3 a6 10. Qc2 O-O 11. Rad1 Qc7 12. d5 exd5 13. Nxd5 Nxd5 14. cxd5 Bf6 15. Bc1 b5 16. e4 Ne5 17.
Ng5 h6 18. Nh3 Bc8 19. Nf4 g6 20. Nd3 Nxd3 21. Qxd3 Bg7 22. Bf4 g5 23. Bg3 Qe7 24. f3 Bd7 25. Kh1 Rae8 26. Qc2 f5 27. Bd3 f4 28. Bf2 Be5 29. a4 g4 30. fxg4 Bxg4 31.
Be2 Bd7 32. axb5 axb5 33. Bf3 Ra8 34. Qe2 Qg5 35. Qe1 Ra2 36. Rd2 Rfa8 37. Bh4 Qg7 38. Rxa2 Rxa2 39. Qd1 Qf8 40. Bg4 Ra1 41. Bxd7 Rxd1 42.
Be6+ Kg7 43. Rxd1 Qa8 44. Bg4 Qa2 45. Bf3 Qxb3 46. Be1 c4 47. Rc1 c3 48. Be2 b4 49.
Bd3 Qb2 50. Rc2 Qb1 51. Re2 Qxd3 0-1

[Event "*** Titled Tuesday Blitz"]
[Site "Chess.com"]
[Date "2020.12.01"]
[Round "6"]
[White "plumalka"]
[Black "CM_rui"]
[Result "0-1"]
[WhiteElo "2478"]
[BlackElo "2386"]
[TimeControl "180+1"]
[EndTime "11:05:40 PST"]
[Termination "CM_rui won by resignation"]

1. e4 e5 2. Nf3 Nc6 3. Nc3 Nf6 4. a3 a6 5. d4 exd4 6. Nxd4 Nxd4 7. Qxd4 d6 8. Bc4 Be7 9. O-O O-O 10. f4 Ne8 11. Be3 Be6 12. Nd5 b5 13. Ba2 Rc8 14. Rad1 Kh8 15.
Qd2 Nf6 16. Qd3 Bxd5 17. exd5 Qd7 18. c3 Qg4 19. Bb1 Qg6 20. Qd4 Qh5 21. Rf3 c5 22.
dxc6 Rxc6 23. Rh3 Qg4 24. Qd3 h6 25. Bd4 Ne4 26. Re1 f5 27. Bc2 Kh7 28. Bd1 Qg6 29. Bf3 d5 30. Bh5 Qd6 31. Be5 Qc5+ 32. Bd4 Qd6 33.
Rhe3 Bf6 34. Bxf6 gxf6 35. Rd1 Rc5 36. Bf3 Rg8 37. Bxe4 fxe4 38. Rxe4 f5 39. Re5 Qg6 40. g3 Kh8 41. Qd4 Rc4 42. Re6+ Rxd4 43. Rxg6 Rxd1+ 44. Kf2 Rxg6 45. Ke2 Rb1 46. Kd2 Rxb2+ 47. Kd3 Rxh2 0-1

[Event "*** Titled Tuesday Blitz"]
[Site "Chess.com"]
[Date "2020.12.01"]
[Round "6"]
[White "KetiGrant"]
[Black "lacafi"]
[Result "1-0"]
[WhiteElo "2364"]
[BlackElo "2205"]
[TimeControl "180+1"]
[EndTime "11:05:40 PST"]
[Termination "KetiGrant won on time"]

1. e4 c6 2. d4 d5 3. Nc3 dxe4 4. Nxe4 Nf6 5. Nxf6+ exf6 6. c3 Bd6 7. Bd3 O-O 8.
Nf3 Re8+ 9. Be3 Nd7 10. O-O Nf8 11. Qc2 Bg4 12. Nd2 Qc7 13. h3 Bh5 14. Rfe1 Bg6 15. Ne4 Bf4 16. Bxf4 Qxf4 17. Nc5 b6 18. Bxg6 Nxg6 19.
Nd3 Qf5 20. Qd2 h6 21. Re3 Re7 22. Rae1 Rae8 23. a4 Qg5 24. Rxe7 Qxd2 25. Rxe8+ Kh7 26. R8e3 a6 27. g3 Qc2 28. a5 bxa5 29. R1e2 Qb1+ 30. Kg2 a4 31. Nb4 f5 32. Nxc6 f4 33. Rf3 fxg3 34.
fxg3 f6 35. h4 h5 36. Nb4 Qd1 37. Ref2 a5 38. Nd3 Ne7 39. Nc5 Nd5 40. Kh2 Nb6 41.
Re3 Nc4 42. Re7 Qc1 43. Ne6 Nxb2 44. Rxg7+ Kh8 45. Ra7 Qe1 46. Rxf6 Qe2+ 47. Kg1 Qe1+ 48. Kg2 Qe2+ 49. Rf2 Qe4+ 50. Kh2 Qxe6 51. Rf8+ 1-0

[Event "*** Titled Tuesday Blitz"]
[Site "Chess.com"]
[Date "2020.12.01"]
[Round "6"]
[White "03revilo"]
[Black "redbaron8888"]
[Result "0-1"]
[WhiteElo "2337"]
[BlackElo "2560"]
[TimeControl "180+1"]
[EndTime "11:05:41 PST"]
[Termination "redbaron8888 won by resignation"]

1. e4 c5 2. Nf3 d6 3. d4 cxd4 4.
Nxd4 Nf6 5. Nc3 a6 6. Be3 e5 7. Nf3 Be7 8. Bc4 O-O 9. O-O Be6 10. Bb3 h6 11. Nh4 Nbd7 12. Qf3 Rc8 13. Nf5 Bxf5 14. exf5 b5 15. a3 Nc5 16. Bd5 Qc7 17. Qg3 Kh8 18.
Rad1 Na4 19. Nxa4 bxa4 20. c3 Nxd5 21. Rxd5 Qb7 22. Rd2 Rc4 23. Rfd1 Qe4 24. f6 gxf6 25. Bxh6 Rg8 26. Qh3 Qh7 27. Rd3 Rcg4 28. g3 f5 29. Kg2 R8g6 30. Bc1 Rh4 31. Qxf5 Rxh2+ 32. Kf1 Rf6 33.
Qxh7+ Kxh7 34. Ke2 Rfxf2+ 35. Ke3 f5 36. Rd5 Bg5+ 37. Kd3 e4+ 38. Kc4 Bxc1 39. Rxc1 Rd2 40. Rxd2 Rxd2 41. Kb4 e3 42. Kxa4 e2 43. Re1 Rxb2 44.
Ka5 Rb3 45. Kxa6 Rxa3+ 46. Kb5 Rxc3 47. Rxe2 Rxg3 48. Kc6 Rd3 49. Rf2 Kg6 50. Kd7 Kf6 51. Kc6 Ke5 52. Kd7 f4 53. Ke7 d5 54. Kf7 d4 55. Kg6 Rg3+ 56. Kh5 d3 57. Kh4 Ke4 58. Rf1 d2 59. Rd1 Rg2 60. Kh3 f3 61. Kh4 Ke3 62. Kh3 Ke2 63. Rh1 d1=Q 64. Re1+ Kxe1 0-1

[Event "*** Titled Tuesday Blitz"]
[Site "Chess.com"]
[Date "2020.12.01"]
[Round "6"]
[White "Faqade"]
[Black "Sviridov_Valery"]
[Result "0-1"]
[WhiteElo "2699"]
[BlackElo "2919"]
[TimeControl "180+1"]
[EndTime "11:05:42 PST"]
[Termination "Sviridov_Valery won by resignation"]

1. e4 Nf6 2. e5 Nd5 3. d4 d6 4. Nf3 dxe5 5. Nxe5 c6 6. Bc4 Nd7 7. Nf3 N7f6 8. Ne5 Bf5 9. O-O e6 10. Nd2 Nb6 11. c3 Nxc4 12. Ndxc4 h6 13. Qb3 Qc8 14.
Bf4 Be7 15. Na5 Nd5 16. Bg3 Nb6 17. c4 h5 18. h3 h4 19. Bh2 f6 20. Nf3 g5 21.
Rfe1 g4 22. hxg4 Bxg4 23. d5 cxd5 24. Rac1 Qc5 25. Nxb7 dxc4 26. Qc3 Qf5 27. Nd4 Qd5 28. f3 Qxb7 29. fxg4 e5 30. Ne6 Nd5 31. Qa5 Kf7 32.
Nc5 Qb6 33. Qxb6 axb6 34. Ne4 b5 35. a3 Rhg8 36. g5 f5 37. Rcd1 Rad8 38. Nf2 e4 39.
Nh3 Bxg5 40. Be5 Bf6 41. Bxf6 Kxf6 42. Kf2 Ke5 43. Ng1 Rd6 44. Nf3+ Kf6 45. Nxh4 Rg4 46. g3 f4 47. Rxe4 fxg3+ 48. Kf3 Rxe4 49. Kxe4 Nc3+ 50. bxc3 Rxd1 51. Kf3 Rd3+ 0-1

[Event "*** Titled Tuesday Blitz"]
[Site "Chess.com"]
[Date "2020.12.01"]
[Round "6"]
[White "Rap_woyska"]
[Black "Durarbayli"]
[Result "1-0"]
[WhiteElo "2497"]
[BlackElo "2742"]
[TimeControl "180+1"]
[EndTime "11:05:42 PST"]
[Termination "Rap_woyska won on time"]

1. c4 c5 2. Nf3 Nf6 3. Nc3 e6 4. e3 b6 5. d4 cxd4 6. exd4 Bb4 7. d5 exd5 8. cxd5 O-O 9. Be2 Ba6 10. O-O Bxc3 11.
bxc3 Bxe2 12. Qxe2 Qc8 13. c4 Re8 14. Qd3 Na6 15. Nd4 Nc5 16. Qc2 Qc7 17. Nb5 Qd8 18. Bf4 Re4 19. Bc7 Qc8 20. Bg3 Nb7 21. Rac1 a6 22. Nc7 Ra7 23. f3 Re7 24. d6 Re3 25.
Qd2 Ra3 26. Qb2 Rd3 27. Qxb6 Nxd6 28. Qxa7 Nf5 29. Qa8 Qxa8 30. Nxa8 h5 31. Rfd1 Ra3 32. Nb6 h4 33. Bf2 Rxa2 34. Nxd7 Nh5 35. Ne5 Nf4 36. Kf1 f6 37. Nd3 Ne2 38. Ra1 Rc2 39. Nb4 Rb2 40.
Rab1 Rxb1 41. Rxb1 Nc3 42. Ra1 h3 43. gxh3 Nd6 44.
c5 1-0

[Event "*** Titled Tuesday Blitz"]
[Site "Chess.com"]
[Date "2020.12.01"]
[Round "6"]
[White "WeAintSurePal"]
[Black "biostatistician"]
[Result "0-1"]
[WhiteElo "2367"]
[BlackElo "2575"]
[TimeControl "180+1"]
[EndTime "11:05:42 PST"]
[Termination "biostatistician won by checkmate"]

1. d4 Nf6 2. Nf3 g6 3. Bg5 Bg7 4.
Nbd2 O-O 5. e3 b6 6. a4 Bb7 7. a5 c5 8. c3 cxd4 9. exd4 bxa5 10.
Be2 Nc6 11. O-O d5 12. Nb3 Ne4 13. Be3 Qb6 14. Ne5 Nxe5 15. dxe5 Qc7 16. f4 f6 17. Nd4 fxe5 18. Ne6 Qd6 19. Nxg7 exf4 20. Ne6 Qxe6 21. Rxf4 Rxf4 22. Bxf4 Qb6+ 23. Qd4 Qxb2 24. Re1 Qxc3 25. Qxc3 Nxc3 26. Bg4 Ne4 27. Be6+ Kg7 28. Be5+ Nf6 29.
Rc1 Kf8 30. Rc7 Ba6 31. Bf4 Bc4 32. Bh6+ Ke8 33. Rc5 a4 34. Ra5 Bb3 35. h3 d4 36.
Bxb3 axb3 37. Rb5 a5 38. Rxb3 a4 39. Ra3 e5 40. g4 Kf7 41. Kf2 Ke6 42. Kf3 e4+ 43.
Kf4 Kd5 44. Bg7 Nd7 45. h4 Nc5 46. h5 e3 47. Kf3 gxh5 48. gxh5 Ra7 49. h6 Rf7+ 50.
Ke2 Rf2+ 51. Ke1 Rh2 52. Kd1 d3 53. Ke1 Rh1# 0-1

[Event "*** Titled Tuesday Blitz"]
[Site "Chess.com"]
[Date "2020.12.01"]
[Round "6"]
[White "Road2GM3000"]
[Black "MarceloPlaya"]
[Result "0-1"]
[WhiteElo "2122"]
[BlackElo "2270"]
[TimeControl "180+1"]
[EndTime "11:05:42 PST"]
[Termination "MarceloPlaya won by resignation"]

1. d4 e6 2. c4 Nf6 3. Nc3 Bb4 4. Nf3 O-O 5. Bg5 d5 6. e3 c6 7. Qc2 h6 8. Bh4 Bxc3+ 9. bxc3 b6 10. cxd5 cxd5 11.
Bd3 Ba6 12. O-O Bxd3 13. Qxd3 Nc6 14. c4 dxc4 15. Qxc4 Qd5 16. Rfc1 Rac8 17. Bxf6 gxf6 18. Qxd5 exd5 19. a3 Na5 20. Nd2 Nc4 21. Nxc4 dxc4 22. a4 Rc7 23. Kf1 Rfc8 24. Ke2 Kf8 25. Rab1 Ke7 26. Rb4 Kd6 27. e4 c3 28. Kd3 h5 29.
f4 h4 30. Rb3 Rg8 31. Rc2 Rg4 32. Ke3 Rc4 33. Kf3 Rg8 34. Rbxc3 Rxd4 35. Rc6+ Ke7 36.
Rc7+ Rd7 37. g4 hxg3 38. hxg3 Rd8 39. Ke3 Ke8 40. Rxd7 Rxd7 41. Rc3 Ke7 42. Kf3 a6 43. Kg4 b5 44. axb5 axb5 45. Kf5 b4 46. Rb3 Rb7 47. Kg4 Kd6 48. Kf3 Kc5 49. Rb1 Kd4 50.
g4 b3 51. g5 fxg5 52. fxg5 Kc3 53. Kf4 Kc2 54. Rh1 b2 55. Kf5 Rd7 56. Rh2+ Rd2 57.
Rh1 b1=Q 58. Rxb1 Kxb1 59. Kf6 Rf2+ 60. Kg7 Kc2 61. e5 Kd3 62. g6 fxg6 63. Kxg6 Rg2+ 64. Kf7 Rf2+ 65. Kg7 Rg2+ 66. Kf6 Rf2+ 67. Kg7 Re2 68.
Kf6 Kd4 69. e6 Kd5 70. e7 Kd6 0-1

[Event "*** Titled Tuesday Blitz"]
[Site "Chess.com"]
[Date "2020.12.01"]
[Round "6"]
[White "Marianov_Podstavnikov"]
[Black "r31415"]
[Result "0-1"]
[WhiteElo "2264"]
[BlackElo "2479"]
[TimeControl "180+1"]
[EndTime "11:05:44 PST"]
[Termination "r31415 won by resignation"]

1. e4 e5 2. Nf3 Nc6 3. Bb5 Nf6 4. O-O Nxe4 5. Re1 Nd6 6. Bxc6 dxc6 7. Nxe5 Be7 8. d4 O-O 9. Nc3 Nf5 10. Ne2 Be6 11.
c3 c5 12. Nf4 cxd4 13. Nxe6 fxe6 14. Qb3 Qd5 15. Qxd5 exd5 16. g4 dxc3 17. gxf5 Bb4 18. Re2 Rxf5 19. Nd3 cxb2 20. Bxb2 Bd6 21. Rae1 Raf8 22.
Re8 c5 23. R8e6 Rd8 24. Be5 Bf8 25. Bc7 Rd7 26. Bg3 c4 27. Ne5 Rd8 28. Ng4 d4 29.
Re8 Rfd5 30. Rxd8 Rxd8 31. Ne5 b5 32. Rd1 d3 33. Bf4 Bd6 34. Bg3 a5 35. Nc6 Rd7 36. Bxd6 Rxd6 37. Nxa5 Ra6 38. Nb7 Rxa2 39. Nc5 b4 40.
Kf1 b3 41. Ne4 b2 42. Nc3 Ra1 43. Rb1 Ra3 44. Ne4 c3 45. Nxc3 Rxc3 46. Rxb2 Kf7 47.
Ke1 Rc2 48. Rxc2 dxc2 49. Kd2 Kf6 50. Kxc2 Kf5 51. Kd2 Kg4 52. Ke3 Kh3 53. f4 Kxh2 54. f5 Kg3 55. Ke4 Kg4 56. Ke5 h5 0-1

[Event "*** Titled Tuesday Blitz"]
[Site "Chess.com"]
[Date "2020.12.01"]
[Round "6"]
[White "Sam_ChessMood"]
[Black "Ermito2020"]
[Result "1-0"]
[WhiteElo "2825"]
[BlackElo "2604"]
[TimeControl "180+1"]
[EndTime "11:05:46 PST"]
[Termination "Sam_ChessMood won on time"]

1. c4 Nf6 2. d4 g6 3. Nc3 Bg7 4. e4 d6 5. Nf3 O-O 6. Be2 e5 7. O-O Nc6 8. d5 Ne7 9. b4 a5 10. bxa5 Rxa5 11. a4 b6 12. Ba3 Ne8 13. Qb3 f5 14.
Ng5 h6 15. Ne6 Bxe6 16. dxe6 Qc8 17. c5 bxc5 18. Nd5 Bf6 19. Bc1 Kg7 20. Qh3 g5 21.
Nxe7 Bxe7 22. exf5 Nf6 23. Ra3 d5 24. f4 exf4 25.
Bxf4 c4 26. Rg3 Ne4 27. Rg4 Rxa4 28. Be5+ Bf6 29. e7 Bxe5 30. exf8=Q+ Qxf8 31. Rxe4 dxe4 32. f6+ Kh8 33. Qe6 Bd4+ 34. Kh1 c3 35. Qxe4 Rb4 36.
Bd3 Qg8 37. f7 Qxf7 38. Rxf7 Rb1+ 39. Rf1 Rxf1+ 40. Bxf1 Bf6 41. Bd3 Kg7 42. Qg6+ Kf8 43. Qxf6+ 1-0

[Event "*** Titled Tuesday Blitz"]
[Site "Chess.com"]
[Date "2020.12.01"]
[Round "6"]
[White "albi1999"]
[Black "ChelsieMonica"]
[Result "1-0"]
[WhiteElo "2583"]
[BlackElo "2386"]
[TimeControl "180+1"]
[EndTime "11:05:46 PST"]
[Termination "albi1999 won by checkmate"]

1. d4 Nf6 2. c4 c5 3. d5 d6 4. Nc3 e5 5. e4 g6 6. Be2 Bg7 7.
Be3 O-O 8. g4 a6 9. a4 Nbd7 10.
h4 h6 11. Qd2 h5 12. g5 Nh7 13. Nh3 f6 14. gxf6 Ndxf6 15. f3 Bd7 16. O-O-O b5 17.
cxb5 axb5 18. Bxb5 Bxb5 19. axb5 Nd7 20. Kc2 Nb6 21. Qe2 Na4 22. Ra1 Nxc3 23. bxc3 Qd7 24. Ng5 Nxg5 25. Bxg5 Rab8 26. c4 Ra8 27. Kb2 Qb7 28. Qd3 Kh7 29. Qb3 Rab8 30. Ra6 Qd7 31.
b6 Rb7 32. Kc2 Bf6 33. Bxf6 Rxf6 34. Qa3 Qd8 35. Rb1 Rff7 36. Ra7 Qxh4 37. Rxb7 Rxb7 38. Qa6 Qf2+ 39. Kb3 Qxf3+ 40. Ka4 Qf7 41. Qa8 h4 42. Ka5 g5 43. Ka6 Re7 44. b7 Qf2 45. Kb6 Qc2 46.
Rb5 Rxb7+ 47. Qxb7+ Kh6 48. Kc6 h3 49. Qf7 h2 50.
Rb8 Qa4+ 51. Kxd6 Qa6+ 52. Kxe5 g4 53. Rh8+ Kg5 54. Rh5# 1-0